 Dungeon Crawl Stone Soup version 0.31.0-1-g2c135a008e (webtiles) character file.

Game seed: 10109318479798905147

24299 qw the Skirmisher (level 13, -2/96 HPs)
             Began as a Djinni Hunter on Jan 23, 2024.
             Was a High Priest of Okawaru.
             Slain by a death yak (24 damage)
             ... on level 2 of the Lair of Beasts.
             The game lasted 00:01:20 (10202 turns).

qw the Skirmisher (Djinni Hunter)                  Turns: 10202, Time: 00:01:21

Health: -2/96      AC: 11    Str: 10    XL:     13   Next: 41%
Gold:   274        EV: 24    Int: 10    God:    Okawaru [*****.] SH:  0 Dex: 23

rFire   + . .        c - +3 orcbow (freeze)
rCold   x . .        (shield currently unavailable)
rNeg    . . .        u - +2 leather armour of Ucair {rElec rF- Will++ SInv}
rPois   inf          (no helmet)
rElec   +            r - +0 cloak
rCorr   +            e - +0 pair of gloves
SInv    +            (boots unavailable)
Will    +++..        o - amulet "Jow Fio" {Regen+ rCorr}
Stlth   ++           Y - +4 ring of protection
HPRegen 1.96/turn    q - +5 ring of evasion
MPRegen 0.00/turn

%: infuse magic (-3 HP)
@: about to teleport, flying
A: sickness immunity, fire resistance 2, cold vulnerability 1, float, innate
caster, HP casting, extra vitality 1, regeneration 1, teleportitis 1
a: Renounce Religion, Heroism, Finesse, Duel


You were on level 2 of the Lair of Beasts.
You worshipped Okawaru.
Okawaru was extremely pleased with you.
You visited 3 branches of the dungeon, and saw 14 of its levels.

You collected 830 gold pieces.
You spent 556 gold pieces at shops.


Innate Abilities, Weirdness & Mutations

You are immune to sickness and miasma.
You are immune to poison.
Your flesh is very heat resistant. (rF++)
You are vulnerable to cold. (rC-)
You float through the air rather than walking.
You learn spells naturally, not from books.
Your magical power is your life essence.
You have superior vitality. (+4 MHP)
Your natural rate of healing is unusually fast.
You are occasionally teleported next to monsters.


   Skills:
 - Level 10.0 Fighting
 + Level 12.3 Ranged Weapons
 - Level 3.3 Armour
 - Level 10.0 Dodging
 - Level 0.7 Stealth
 - Level 10.0 Invocations


You knew the following spells:

 Your Spells              Type           Power      Damage    Failure   Level
a - Magic Dart            Conj           0%         1d3       45%         1
b - Mercury Vapours       Alch/Air       0%         N/A       58%         2
c - Volatile Blastmotes   Fire/Tloc      0%         2d10      83%         3
d - Olgreb's Toxic Radia  Alch           0%         N/A       99%         4
e - Freezing Cloud        Conj/Ice/Air   0%         6-21      100%        5
f - Irradiate             Conj/Alch      0%         3d11      100%        5
Your spell library was empty.

Inventory:

Hand Weapons
 c - a +3 orcbow of freezing (weapon)
Armour
 b - a +3 ring mail of fire resistance
 e - a +0 pair of gloves (worn)
 k - a +0 helmet
 r - a +0 cloak (worn)
 u - the +2 leather armour of Ucair (worn) {rElec rF- Will++ SInv}
   (You found it on level 10 of the Dungeon)

   rF-:       It makes you vulnerable to fire.
   rElec:     It insulates you from electricity.
   Will++:    It greatly increases your willpower.
   SInv:      It lets you see invisible.
Jewellery
 j - an amulet of reflection
 o - the amulet "Jow Fio" (around neck) {Regen+ rCorr}
   (You found it on level 9 of the Dungeon)

   [amulet of regeneration]

   Regen+:    It increases your rate of health regeneration.
   rCorr:     It protects you from acid and corrosion.
 p - a ring of protection from fire
 q - a +5 ring of evasion (right hand)
 Y - a +4 ring of protection (left hand)
Wands
 g - a wand of polymorph (5)
 s - a wand of paralysis (14)
Scrolls
 a - a scroll of fog {unknown}
 t - 4 scrolls of teleportation
 w - 2 scrolls of identify
Potions
 d - 3 potions of curing
 f - 4 potions of resistance
 h - a potion of cancellation
 i - a potion of haste {unknown}
 l - a potion of enlightenment
 n - 2 potions of might

Dungeon Overview and Level Annotations

Branches:
Dungeon (11/15)            Temple (1/1) D:5            Lair (2/5) D:11
  Snake (0/4) Lair:2          Orc (0/2) D:11
  Swamp: Lair:2-3    Shoals: Lair:2-3

Altars:
Ashenzari
Cheibriados
Dithmenos
Elyvilon
Fedhas
Gozag
Hepliaklqana
Makhleb
Nemelex Xobeh
Okawaru
Qazlal
Ru
Trog
Uskayaw
Wu Jian
Xom
Yredelemnul
Zin
The Shining One

Shops:
D:3 :   D:8 =   D:11 [

Annotations:
D:9 4 runed translucent doors


Message History

You shoot an arrow.
The arrow hits the death yak but does no damage.
The death yak is moderately wounded.
The death yak gores you.
You shoot an arrow. The arrow hits the death yak!
The arrow freezes the death yak.
The death yak is heavily wounded.
The death yak gores you!
You shoot an arrow. The arrow hits the death yak.
The arrow freezes the death yak.
The death yak is severely wounded.
The death yak completely misses you.
You shoot an arrow. The arrow hits the death yak.
The arrow freezes the death yak.
The death yak is severely wounded.
The death yak barely misses you.
You shoot an arrow. The arrow hits the death yak.
The arrow freezes the death yak.
The death yak is severely wounded.
You shoot an arrow. The arrow barely misses the death yak.
The death yak gores you!
You shoot an arrow.
The arrow hits the death yak but does no damage.
The death yak is severely wounded.
The death yak misses you. The death yak completely misses you.
You shoot an arrow. The arrow hits the death yak.
The arrow freezes the death yak.
The death yak is severely wounded.
The death yak closely misses you. The death yak gores you!
You shoot an arrow.
The arrow hits the death yak but does no damage.
The death yak is severely wounded.
The death yak misses you. The death yak closely misses you.
You shoot an arrow. The arrow barely misses the death yak.
The death yak barely misses you. The death yak gores you!
10202 ||| READING 5 scrolls of teleportation.
As you read the scroll of teleportation, it crumbles to dust.
You feel strangely unstable. The death yak gores you!!
You die...

........... ..........
.......... .........
........... #...>.....#
#.........# # #........@##
.### ##.......Y#Y###....P
#......%........YY..
#.................. #
#<.................
.#######............777777
##.P.P#.............7
....................7
....................7


You could see 2 death yaks.

Vanquished Creatures
  Gastronok (Lair:1)
  Fannar (D:11)
  A catoblepas (Lair:1)
  2 two-headed ogres
  7 death yaks
  Urug (D:11)
  Sonja (D:11)
  Amaemon (Lair:1)
  4 elephants (Lair:2)
  A salamander (Lair:2)
  2 black mambas
  An orange demon (Lair:1)
  3 cane toads
  An unseen horror (D:11)
  2 komodo dragons (Lair:1)
  A polar bear (Lair:2)
  2 hornets (D:8)
  A slime creature (D:9)
  2 shadows
  15 yaks
  A wraith (D:10)
  2 basilisks
  2 vampire mosquitoes (D:10)
  4 wyverns
  A steam dragon (D:10)
  3 acid dragons
  An acid dragon (shapeshifter) (D:9)
  4 water moccasins
  Pargi (D:3)
  An ice beast (D:7)
  An orc warrior (D:9)
  3 black bears
  2 ogres
  A sky beast (D:7)
  10 wolves
  A hornet zombie (D:6)
  8 centaurs
  A phantom (D:5)
  4 kobold brigands
  7 bullfrogs
  A wyvern zombie (D:6)
  2 scorpions
  2 gnoll sergeants
  6 wights
  6 killer bees (D:8)
  4 howler monkeys
  6 electric eels
  A bullfrog zombie (D:6)
  2 lava snakes (Lair:2)
  A centaur zombie (D:6)
  A hound (D:4)
  6 orc priests
  2 bombardier beetles (D:5)
  A gnoll bouda (D:7)
  An iguana (D:5)
  12 orc wizards
  3 howler monkey zombies (D:6)
  2 adders
  14 gnolls
  A shadow imp (D:6)
  A white imp (D:7)
  2 ribbon worms
  2 dart slugs (D:4)
  41 orcs
  3 bats
  9 endoplasms
  9 giant cockroaches
  11 goblins
  4 hobgoblins
  2 jackals (D:4)
  29 kobolds
  3 quokkas (D:4)
  5 ball pythons
  2 frilled lizards (D:1)
  10 rats
315 creatures vanquished.

Vanquished Creatures (others)
  A scorpion (D:4)
  3 orcs (D:10)
4 creatures vanquished.

Grand Total: 319 creatures vanquished

Notes
Turn   | Place    | Note
-------+----------+-------------------------------------------
     0 | D:1      | qw the Djinni Hunter began the quest for the Orb.
     0 | D:1      | Reached XP level 1. HP: 18/18 MP: 0/0
     0 | D:1      | 0 ||| qw: Version: 0.3-a-136-gdd3b4e8
     0 | D:1      | 0 ||| qw: Game counter: 1195
     0 | D:1      | 0 ||| qw: Melee chars always use a shield: true
     0 | D:1      | 0 ||| qw: God list: Okawaru
     0 | D:1      | 0 ||| qw: Allow faded altars: false
     0 | D:1      | 0 ||| qw: Do Orc after clearing Dungeon:15 true
     0 | D:1      | 0 ||| qw: Do second Lair branch before Depths: true
     0 | D:1      | 0 ||| qw: Lair rune preference: random
     0 | D:1      | 0 ||| qw: Goals: Normal
     0 | D:1      | 0 ||| PLANNING D:1-11
    59 | D:1      | Reached XP level 2. HP: 23/23 MP: 0/0
   151 | D:1      | Found a faded altar of an unknown god.
   312 | D:1      | Reached XP level 3. HP: 26/28 MP: 0/0
   312 | D:1      | Learned a level 1 spell: Magic Dart
   340 | D:1      | Reached skill level 4 in Ranged Weapons
   509 | D:1      | 509 ||| UPGRADING to +0 ring mail.
   519 | D:1      | 519 ||| DROPPING +0 leather armour.
   520 | D:1      | 520 ||| UPGRADING to ring of ice.
   521 | D:1      | 521 ||| UPGRADING to +4 ring of protection.
   522 | D:1      | 522 ||| READING scroll labelled EXEYXK TYGO.
   523 | D:1      | 523 ||| READING scroll labelled NUJAECV TOLAIM.
   523 | D:1      | 523 ||| ENCHANTING +0 shortbow.
   524 | D:1      | 524 ||| READING 2 scrolls labelled ITOPNY CAARA.
   524 | D:1      | 524 ||| IDENTIFYING puce potion
   525 | D:1      | 525 ||| READING scroll of identify.
   525 | D:1      | 525 ||| IDENTIFYING emerald potion
   526 | D:1      | 526 ||| DRINKING 2 fizzy white potions.
   527 | D:1      | 527 ||| DROPPING scroll of butterflies.
   709 | D:2      | Reached skill level 1 in Armour
  1102 | D:2      | 1102 ||| READING scroll labelled AMPA WORGHEILUC.
  1203 | D:2      | 1203 ||| READING scroll labelled ZYGE GOCWYS.
  1204 | D:2      | 1204 ||| READING scroll labelled HAR DEN RIL.
  1209 | D:2      | 1209 ||| READING scroll labelled RAGOIL OHUVATE.
  1209 | D:2      | 1209 ||| ENCHANTING +1 shortbow.
  1210 | D:2      | 1210 ||| DRINKING 2 glowing silvery potions.
  1325 | D:3      | Reached XP level 4. HP: 34/34 MP: 0/0
  1331 | D:3      | Found a broken altar of Ashenzari.
  1649 | D:3      | Found Voappata's Vocational Training.
  2061 | D:3      | Noticed Pargi
  2077 | D:3      | HP: 8/34 [Pargi (2)]
  2078 | D:3      | 2078 ||| DRINKING potion of heal wounds.
  2091 | D:3      | Killed Pargi
  2092 | D:3      | Reached XP level 5. HP: 15/42 MP: 0/0
  2092 | D:3      | Learned a level 2 spell: Mercury Vapours
  2097 | D:3      | HP: 10/42 [goblin/+0 club (1)]
  2328 | D:3      | 2328 ||| READING scroll of identify.
  2328 | D:3      | 2328 ||| IDENTIFYING fuming purple potion
  2329 | D:3      | 2329 ||| DRINKING 2 dark potions.
  2330 | D:3      | 2330 ||| DRINKING 2 murky dark potions.
  2330 | D:3      | Gained mutation: You have a pair of small horns on your
                  | head. [potion of mutation]
  2330 | D:3      | Gained mutation: You are partially covered in iridescent
                  | scales. (AC +2) [potion of mutation]
  2330 | D:3      | Gained mutation: Your natural rate of healing is unusually
                  | fast. [potion of mutation]
  2331 | D:3      | 2331 ||| DROPPING potion of attraction.
  2332 | D:3      | 2332 ||| DROPPING potion of brilliance.
  2353 | D:4      | 2353 ||| STAIRDANCE
  2366 | D:4      | 2366 ||| STAIRDANCE
  2433 | D:4      | 2433 ||| READING scroll labelled KYULAFOQIE.
  2580 | D:4      | 2580 ||| STAIRDANCE
  2626 | D:5      | Entered Level 5 of the Dungeon
  2630 | D:5      | Reached XP level 6. HP: 48/48 MP: 0/0
  2691 | D:4      | Reached skill level 5 in Ranged Weapons
  2726 | D:4      | Reached skill level 3 in Dodging
  2726 | D:4      | Reached XP level 7. HP: 39/53 MP: 0/0
  2726 | D:4      | Learned a level 3 spell: Volatile Blastmotes
  2762 | D:4      | 2762 ||| SWAPPING to +0 orcbow.
  2763 | D:4      | 2763 ||| DROPPING +1 shortbow.
  2790 | D:4      | 2790 ||| DRINKING 2 potions of curing.
  2790 | D:4      | 2790 ||| (to cure confusion)
  2819 | D:4      | 2819 ||| DRINKING potion of curing.
  2819 | D:4      | 2819 ||| (to cure confusion)
  2880 | D:4      | Identified the +2 robe of Least Resistance {Str+6 Dex-4
                  | SInv}
  2994 | D:4      | Reached skill level 6 in Ranged Weapons
  3068 | D:4      | Reached XP level 8. HP: 58/58 MP: 0/0
  3299 | D:4      | 3299 ||| UPGRADING to +1 leather armour of willpower.
  3309 | D:4      | 3309 ||| DROPPING +0 ring mail.
  3310 | D:4      | 3310 ||| READING scroll of identify.
  3310 | D:4      | 3310 ||| IDENTIFYING ruby potion
  3311 | D:4      | 3311 ||| READING scroll labelled GAUTEMP WESAF.
  3312 | D:4      | 3312 ||| DRINKING 2 green potions.
  3313 | D:4      | 3313 ||| DRINKING 2 fizzy black potions.
  3314 | D:4      | 3314 ||| DROPPING potion of ambrosia.
  3315 | D:4      | 3315 ||| DROPPING potion of degeneration.
  3473 | D:5      | Reached skill level 7 in Ranged Weapons
  3642 | D:5      | Found a staircase to the Ecumenical Temple.
  3643 | D:5      | 3643 ||| PLANNING TEMPLE
  3643 | D:5      | 3643 ||| UPGRADING to amulet of reflection.
  3648 | D:5      | 3648 ||| READING scroll of identify.
  3648 | D:5      | 3648 ||| IDENTIFYING black potion
  3649 | D:5      | 3649 ||| READING scroll labelled DEICACR KODI.
  3657 | Temple   | Entered the Ecumenical Temple
  3658 | Temple   | 3658 ||| PLANNING OKAWARU WORSHIP
  3676 | Temple   | Became a worshipper of Warmaster Okawaru
  3677 | Temple   | 3677 ||| PLANNING D:1-11
  3945 | D:6      | Found a glowing silver altar of Zin.
  4027 | D:6      | 4027 ||| DRINKING 2 potions of curing.
  4027 | D:6      | 4027 ||| (to cure confusion)
  4037 | D:6      | 4037 ||| RETREEEEATING.
  4038 | D:6      | 4038 ||| RETREEEEATING.
  4039 | D:6      | 4039 ||| RETREEEEATING.
  4050 | D:6      | 4050 ||| STAIRDANCE
  4056 | D:5      | 4056 ||| READING scroll of identify.
  4056 | D:5      | 4056 ||| IDENTIFYING golden potion
  4057 | D:5      | 4057 ||| DROPPING potion of lignification.
  4060 | D:6      | 4060 ||| STAIRDANCE
  4075 | D:6      | 4075 ||| STAIRDANCE
  4084 | D:6      | 4084 ||| STAIRDANCE
  4106 | D:6      | 4106 ||| STAIRDANCE
  4129 | D:6      | Reached XP level 9. HP: 65/65 MP: 0/0
  4129 | D:6      | Learned a level 4 spell: Olgreb's Toxic Radiance
  4189 | D:6      | Found a sacrificial altar of Ru.
  4210 | D:6      | Found a shadowy altar of Dithmenos.
  4362 | D:6      | Reached skill level 6 in Dodging
  4370 | D:6      | Found a basalt altar of Yredelemnul.
  4387 | D:6      | Reached * piety under Okawaru
  4442 | D:6      | Reached skill level 1 in Invocations
  4462 | D:6      | Found an ornate altar of the Wu Jian Council.
  4897 | D:6      | 4897 ||| DROPPING wand of flame (26).
  4960 | D:7      | Reached skill level 8 in Ranged Weapons
  5132 | D:7      | 5132 ||| RETREEEEATING.
  5134 | D:7      | Reached skill level 6 in Fighting
  5147 | D:7      | Reached skill level 3 in Invocations
  5292 | D:7      | 5292 ||| READING scroll of enchant weapon.
  5292 | D:7      | 5292 ||| ENCHANTING +0 orcbow.
  5492 | D:7      | Reached ** piety under Okawaru
  5493 | D:7      | Reached XP level 10. HP: 70/72 MP: 0/0
  5588 | D:7      | 5588 ||| UPGRADING to +0 cloak.
  5593 | D:7      | 5593 ||| READING scroll labelled JIZIGA YCEKKICK.
  5594 | D:7      | 5594 ||| READING scroll labelled ELUZ MUEKHI.
  5594 | D:7      | Identified a scroll of acquirement
  5594 | D:7      | 5594 ||| ACQUIRING +2 orcbow of flaming
  5594 | D:7      | Acquired a +2 orcbow of flaming
  5596 | D:7      | 5596 ||| SWAPPING to +2 orcbow of flaming.
  5597 | D:7      | 5597 ||| DROPPING +1 orcbow.
  5639 | D:8      | Reached skill level 9 in Ranged Weapons
  5722 | D:8      | Found a bloodstained altar of Trog.
  5822 | D:8      | 5822 ||| FLEEEEING.
  5823 | D:8      | 5823 ||| STAIRDANCE
  5843 | D:7      | 5843 ||| DROPPING scarf of shadows.
  5846 | D:8      | 5846 ||| RETREEEEATING.
  5847 | D:8      | 5847 ||| RETREEEEATING.
  5855 | D:8      | 5855 ||| RETREEEEATING.
  5856 | D:8      | 5856 ||| RETREEEEATING.
  5857 | D:8      | 5857 ||| RETREEEEATING.
  5858 | D:8      | 5858 ||| RETREEEEATING.
  5884 | D:8      | 5884 ||| FLEEEEING.
  5887 | D:8      | 5887 ||| FLEEEEING.
  5907 | D:8      | 5907 ||| RETREEEEATING.
  5909 | D:8      | 5909 ||| RETREEEEATING.
  5919 | D:8      | 5919 ||| RETREEEEATING.
  5920 | D:8      | 5920 ||| RETREEEEATING.
  5921 | D:8      | 5921 ||| RETREEEEATING.
  5922 | D:8      | 5922 ||| RETREEEEATING.
  5923 | D:8      | 5923 ||| RETREEEEATING.
  5927 | D:8      | Reached *** piety under Okawaru
  5980 | D:8      | Found Riyng's Jewellery Emporium.
  5988 | D:8      | You are sucked into a shaft and drop 1 floor!
  6016 | D:9      | 6016 ||| READING scroll labelled DUTEIV ANTUMYG.
  6016 | D:9      | 6016 ||| BRANDING +2 orcbow of flaming.
  6080 | D:8      | 6080 ||| BUYING +4 ring of protection (360 gold).
  6080 | D:8      | Bought a +4 ring of protection for 360 gold pieces
  6080 | D:8      | 6080 ||| SHOPLISTING ring "Teicvem" {Fly rPois Stlth+} (315
                  | gold, have 98).
  6145 | D:8      | Found a hazy altar of Hepliaklqana.
  6168 | D:8      | 6168 ||| UPGRADING to +4 ring of protection.
  6170 | D:8      | 6170 ||| DRINKING potion of mutation.
  6170 | D:8      | Lost mutation: You have a pair of small horns on your head.
                  | [potion of mutation]
  6170 | D:8      | Lost mutation: You are partially covered in iridescent
                  | scales. (AC +2) [potion of mutation]
  6170 | D:8      | Gained mutation: You are occasionally teleported next to
                  | monsters. [potion of mutation]
  6171 | D:8      | 6171 ||| DROPPING ring of resist corrosion.
  6172 | D:8      | 6172 ||| DROPPING ring of ice.
  6228 | D:9      | Noticed a boulder beetle
  6229 | D:9      | Found a large runed translucent door.
  6229 | D:9      | Noticed a centaur warrior
  6230 | D:9      | Found a large runed translucent door.
  6231 | D:9      | Found a large runed translucent door.
  6231 | D:9      | Found a large runed translucent door.
  6232 | D:9      | 6232 ||| UPGRADING to +0 pair of gloves.
  6516 | D:9      | Reached **** piety under Okawaru
  6599 | D:9      | Found a stormy altar of Qazlal.
  6771 | D:9      | Identified the amulet "Jow Fio" {Regen+ rCorr}
  6880 | D:9      | 6880 ||| UPGRADING to amulet "Jow Fio" {Regen+ rCorr}.
  6910 | D:10     | Entered Level 10 of the Dungeon
  6955 | D:10     | Noticed a two-headed ogre
  6956 | D:10     | 6956 ||| INVOKING Finesse.
  6965 | D:10     | Killed a two-headed ogre
  6966 | D:10     | Reached skill level 10 in Ranged Weapons
  6966 | D:10     | Reached XP level 11. HP: 79/79 MP: 0/0
  6966 | D:10     | Learned a level 5 spell: Freezing Cloud
  7047 | D:10     | Identified the +2 leather armour of Ucair {rElec rF- Will++
                  | SInv}
  7485 | D:10     | Reached skill level 6 in Invocations
  7511 | D:10     | 7511 ||| DRINKING 2 potions of curing.
  7511 | D:10     | 7511 ||| (to cure confusion)
  7734 | D:10     | 7734 ||| DROPPING +0 robe of cold resistance.
  7735 | D:10     | 7735 ||| DROPPING +2 robe of Least Resistance {Str+6 Dex-4
                  | SInv}.
  7736 | D:10     | 7736 ||| UPGRADING to +2 leather armour of Ucair {rElec rF-
                  | Will++ SInv}.
  7746 | D:10     | 7746 ||| UPGRADING to +5 ring of evasion.
  7748 | D:10     | 7748 ||| DROPPING +4 ring of protection.
  7749 | D:10     | 7749 ||| DROPPING ring of wizardry.
  7893 | D:11     | Noticed Sonja
  7894 | D:11     | 7894 ||| INVOKING Finesse.
  7895 | D:11     | 7895 ||| INVOKING Finesse.
  7899 | D:11     | Killed Sonja
  7922 | D:11     | Found Dezuad's Antique Armour Boutique.
  7930 | D:11     | 7930 ||| BUYING glowing ring mail (196 gold).
  7930 | D:11     | Bought a glowing ring mail for 196 gold pieces
  7930 | D:11     | 7930 ||| SHOPLISTING runed leather armour (140 gold, have
                  | 84).
  8017 | D:11     | Noticed Urug
  8018 | D:11     | 8018 ||| INVOKING Finesse.
  8032 | D:11     | Killed Urug
  8127 | D:11     | Reached skill level 9 in Dodging
  8174 | D:11     | Noticed a death yak
  8175 | D:11     | 8175 ||| INVOKING Finesse.
  8177 | D:11     | Noticed a death yak
  8181 | D:11     | Noticed a death yak
  8182 | D:11     | 8182 ||| RETREEEEATING.
  8182 | D:11     | Found a staircase to the Lair.
  8185 | D:11     | 8185 ||| RETREEEEATING.
  8191 | D:11     | 8191 ||| RETREEEEATING.
  8192 | D:11     | 8192 ||| RETREEEEATING.
  8193 | D:11     | 8193 ||| RETREEEEATING.
  8194 | D:11     | 8194 ||| RETREEEEATING.
  8195 | D:11     | 8195 ||| RETREEEEATING.
  8196 | D:11     | 8196 ||| RETREEEEATING.
  8196 | D:11     | HP: 20/81 [death yak (16)]
  8197 | D:11     | 8197 ||| READING 6 scrolls of teleportation.
  8198 | D:11     | 8198 ||| RETREEEEATING.
  8200 | D:11     | 8200 ||| RETREEEEATING.
  8208 | D:11     | Noticed a death yak
  8209 | D:11     | 8209 ||| INVOKING Finesse.
  8211 | D:11     | 8211 ||| RETREEEEATING.
  8211 | D:11     | Noticed a death yak
  8212 | D:11     | 8212 ||| RETREEEEATING.
  8213 | D:11     | 8213 ||| RETREEEEATING.
  8214 | D:11     | 8214 ||| RETREEEEATING.
  8215 | D:11     | 8215 ||| RETREEEEATING.
  8216 | D:11     | 8216 ||| RETREEEEATING.
  8217 | D:11     | 8217 ||| RETREEEEATING.
  8218 | D:11     | 8218 ||| RETREEEEATING.
  8219 | D:11     | 8219 ||| RETREEEEATING.
  8220 | D:11     | 8220 ||| RETREEEEATING.
  8221 | D:11     | 8221 ||| RETREEEEATING.
  8222 | D:11     | 8222 ||| RETREEEEATING.
  8223 | D:11     | 8223 ||| RETREEEEATING.
  8224 | D:11     | 8224 ||| RETREEEEATING.
  8236 | D:11     | Killed a death yak
  8238 | D:11     | Killed a death yak
  8245 | D:11     | Killed a death yak
  8250 | D:11     | 8250 ||| INVOKING Finesse.
  8254 | D:11     | Killed a death yak
  8255 | D:11     | Reached XP level 12. HP: 37/86 MP: 0/0
  8263 | D:11     | Killed a death yak
  8263 | D:11     | Reached ***** piety under Okawaru
  8368 | D:11     | Noticed a two-headed ogre
  8369 | D:11     | 8369 ||| INVOKING Finesse.
  8379 | D:11     | Killed a two-headed ogre
  8394 | D:11     | Reached skill level 9 in Invocations
  8507 | D:11     | Found a staircase to the Orcish Mines.
  8625 | D:11     | 8625 ||| PLANNING LAIR
  8625 | D:11     | 8625 ||| DROPPING +1 leather armour of willpower.
  8626 | D:11     | 8626 ||| DROPPING +0 acid dragon scales.
  8627 | D:11     | 8627 ||| DROPPING +0 steam dragon scales.
  8634 | Lair:1   | Entered Level 1 of the Lair of Beasts
  8634 | Lair:1   | Noticed Fannar
  8635 | Lair:1   | 8635 ||| INVOKING Finesse.
  8658 | Lair:1   | 8658 ||| STAIRDANCE
  8686 | Lair:1   | 8686 ||| INVOKING Finesse.
  8688 | Lair:1   | 8688 ||| STAIRDANCE
  8697 | D:11     | Killed Fannar
  8698 | D:11     | Reached skill level 11 in Ranged Weapons
  8729 | Lair:1   | Noticed Gastronok
  8730 | Lair:1   | 8730 ||| INVOKING Finesse.
  8731 | Lair:1   | Noticed a catoblepas
  8751 | Lair:1   | Killed a catoblepas
  8760 | Lair:1   | HP: 8/88 [Gastronok/the air (46)]
  8761 | Lair:1   | 8761 ||| READING 5 scrolls of teleportation.
  8941 | Lair:1   | 8941 ||| RETREEEEATING.
  8943 | Lair:1   | 8943 ||| RETREEEEATING.
  8946 | Lair:1   | 8946 ||| RETREEEEATING.
  8950 | Lair:1   | 8950 ||| RETREEEEATING.
  8951 | Lair:1   | 8951 ||| RETREEEEATING.
  9005 | Lair:1   | 9005 ||| INVOKING Finesse.
  9015 | Lair:1   | Killed Gastronok
  9016 | Lair:1   | Reached skill level 9 in Fighting
  9071 | Lair:1   | 9071 ||| RETREEEEATING.
  9422 | Lair:1   | Reached XP level 13. HP: 94/94 MP: 0/0
  9422 | Lair:1   | Learned a level 5 spell: Irradiate
  9425 | Lair:1   | Noticed Amaemon
  9431 | Lair:1   | Reached skill level 3 in Armour
  9441 | Lair:1   | 9441 ||| RETREEEEATING.
  9442 | Lair:1   | 9442 ||| RETREEEEATING.
  9443 | Lair:1   | 9443 ||| RETREEEEATING.
  9444 | Lair:1   | 9444 ||| RETREEEEATING.
  9445 | Lair:1   | 9445 ||| RETREEEEATING.
  9446 | Lair:1   | 9446 ||| RETREEEEATING.
  9447 | Lair:1   | 9447 ||| RETREEEEATING.
  9448 | Lair:1   | 9448 ||| RETREEEEATING.
  9449 | Lair:1   | 9449 ||| RETREEEEATING.
  9457 | Lair:1   | 9457 ||| RETREEEEATING.
  9458 | Lair:1   | 9458 ||| RETREEEEATING.
  9461 | Lair:1   | Killed Amaemon
  9809 | Lair:1   | 9809 ||| READING scroll of enchant weapon.
  9809 | Lair:1   | 9809 ||| ENCHANTING +2 orcbow of freezing.
  9928 | Lair:1   | 9928 ||| READING 3 scrolls of identify.
  9928 | Lair:1   | 9928 ||| IDENTIFYING scroll labelled IREPHEEPANG
  9929 | Lair:1   | 9929 ||| DROPPING scroll of fear.
  9969 | Lair:2   | Found a staircase to the Snake Pit.
  9974 | Lair:2   | Received a gift from Okawaru
 10082 | Lair:2   | Reached skill level 12 in Ranged Weapons
 10168 | Lair:2   | 10168 ||| RETREEEEATING.
 10169 | Lair:2   | 10169 ||| RETREEEEATING.
 10170 | Lair:2   | 10170 ||| RETREEEEATING.
 10201 | Lair:2   | HP: 20/96 [death yak (15)]
 10202 | Lair:2   | 10202 ||| READING 5 scrolls of teleportation.
 10202 | Lair:2   | Slain by a death yak

Levels and vault maps discovered:
D:1:      saegor_arrival_simple_e, layout_rooms, ebering_ecumenical_altar_hall
D:2:      layout_basic
D:3:      kennysheep_six_static_rooms, layout_loops_corners,
          mainiacjoe_overflow_brackets, chequers_big_river,
          minmay_misc_feat_room, nicolae_shop_vocational, uniq_pargi
D:4:      kb_forest_paths, layout_rooms, lemuel_flame_loot_1
D:5:      layout_cave_pools, lemuel_blue_sif_altar, minmay_temple_entry_junction
D:6:      layout_basic, nicolae_yredelemnul_corpse_copse, zin_academy,
          mainiacjoe_overflow_cross_hatched, kennysheep_mini,
          nicolae_overflow_squiral
D:7:      layout_basic, nicolae_elevator_lobby_asterisk
D:8:      layout_basic, mainiacjoe_overflow_alcove_2,
          mainiacjoe_overflow_alcove_1, serial_shops, shop
D:9:      layout_roguey, mainiacjoe_overflow_boulevard,
          minmay_hollow_rounded_squares
D:10:     layout_basic, grunt_ministairs_14
D:11:     layout_long_grid, dpeg_lair_monsters, minmay_shop_grid_forest,
          nrook_mini_vaults, serial_bayou_pond_c, water_boxes_lemuel, uniq_urug,
          uniq_sonja
Temple:   bh_familiar_temple
Lair:1:   layout_cave_pods, nicolae_volcano_entry_s_turn, st_stairs_3,
          infiniplex_staircase_pool, grunt_megastairs_1, uniq_amaemon,
          uniq_gastronok, uniq_fannar
Lair:2:   layout_big_grid, mainiacjoe_swamp_entry_angry_trees,
          nicolae_snake_entry_warm_welcome, wad_woods_road_04

Skill      XL: |  1  2  3  4  5  6  7  8  9 10 11 12 13 |
---------------+----------------------------------------+-----
Ranged Weapons | 4 5 6 7 8 10 11 12 | 12.3
Armour         | 1 2 3 |  3.3
Fighting       | 4 5 6 7 8 9 10 | 10.0
Dodging        | 3 4 5 6 8 9 10 | 10.0
Invocations    | 4 5 8 10 | 10.0
Stealth        | |  0.7

Action                     |  1- 3 |  4- 6 |  7- 9 | 10-12 | 13-15 || total
---------------------------+-------+-------+-------+-------+-------++-------
   Fire: Shortbow          |    96 |   157 |       |       |       ||   253
         Orcbow            |       |       |   401 |   629 |   169 ||  1199
 Invoke: Finesse           |       |       |       |    11 |       ||    11
    Use: Scroll            |     8 |     2 |     6 |     5 |     3 ||    24
         Potion            |     2 |     3 |     5 |     2 |       ||    12
 Armour: Leather armour    |    18 |       |   136 |   165 |    65 ||   384
         Ring mail         |    10 |   125 |    99 |       |       ||   234
  Dodge: Dodged            |    30 |    96 |   212 |   317 |   139 ||   794
  Block: Other             |       |       |    43 |    48 |       ||    91
         Reflection        |       |       |     4 |     1 |       ||     5

Table legend:
 A = Non-vault XP
 B = Vault XP
 C = Vault XP percentage of total XP
 D = Non-vault monster count
 E = Vault monster count
 F = Vault count percentage of total count
                 A         B        C        D         E       F
            +---------+---------+-------+---------+---------+-------
      Total |   21441 |   13272 |  38.2 |     260 |      57 |  18.0
            +---------+---------+-------+---------+---------+-------
        D:1 |      32 |       0 |   0.0 |      20 |       0 |   0.0
        D:2 |      32 |       0 |   0.0 |      11 |       0 |   0.0
        D:3 |      39 |     149 |  79.3 |      20 |       7 |  25.9
        D:4 |     692 |     123 |  15.1 |      32 |       6 |  15.8
        D:5 |     522 |       0 |   0.0 |      18 |       0 |   0.0
        D:6 |     619 |     344 |  35.7 |      18 |       7 |  28.0
        D:7 |    1439 |       0 |   0.0 |      28 |       0 |   0.0
        D:8 |    2132 |       0 |   0.0 |      28 |       0 |   0.0
        D:9 |     566 |     876 |  60.7 |      21 |       7 |  25.0
       D:10 |    2265 |     268 |  10.6 |      14 |       4 |  22.2
       D:11 |    2715 |    6708 |  71.2 |      18 |       9 |  33.3
     Lair:1 |    4983 |    4219 |  45.8 |      17 |      14 |  45.2
     Lair:2 |    5405 |     585 |   9.8 |      15 |       3 |  16.7
            +---------+---------+-------+---------+---------+-------
